AoeStats
← 恆浪蕩

Pilgrims

508447476Analyzed
4v4 RM · 9d ago on Sep 22, 2026· 40m 46s· 8 players
Game mode
Random Map
Map size
Large (8 player)
Population
200
Speed
Normal
Resources
Standard
Victory
Conquest
Starting age
Dark Age
Ending age
Imperial Age
RankedLock teamsTeams togetherTeam positionsShared explorationLock speedFull tech treeHidden civsTurbo modeCheats
Victory
Defeat
🇹🇼 Byzantines · Taiwan
2059
+5
🇦🇷 Bengalis · Argentina
1669
+18
🇹🇼 Spanish · Taiwan
1640
+18
🇹🇼 Saracens · Taiwan
1608
+19
1989
-26
🇨🇱 Ethiopians · Chile
1689
-14
🇨🇱 Bulgarians · Chile
1634
-11
1551
-9
[CL] FelipeBesitosRicos
11:36 Feudal Age
9:52 Loom
15:11 Castle Age
13:59 Gold Mining
13:57 Double-Bit Axe
15:49 Fishing Lines
23:15 Horse Collar
25:09 Heavy Plow
25:58 Fletching
26:34 Town Watch
27:22 Bodkin Arrow
30:50 Wheelbarrow
31:31 Ballistics
33:17 Thumb Ring
33:55 Padded Archer Armor
[CL] FARFANA
7:52 Loom
12:57 Feudal Age
16:52 Castle Age
14:59 Horse Collar
15:52 Double-Bit Axe
17:13 Wheelbarrow
18:41 Bow Saw
23:16 Fletching
25:45 Bodkin Arrow
26:40 Crossbowman
28:49 Ballistics
33:10 Imperial Age
32:02 Thumb Ring
33:13 Hand Cart
33:24 Padded Archer Armor
33:14 Arbalester
34:08 Bracer
35:12 Capped Ram
36:14 Siege Ram
38:49 Chemistry
[CL] TheCobra
5:58 Loom
8:46 Feudal Age
9:44 Double-Bit Axe
21:11 Castle Age
19:37 Horse Collar
22:45 Medium Warships
22:54 Bow Saw
23:50 Heavy Plow
25:26 Scale Barding Armor
25:34 Forging
27:22 Wheelbarrow
26:32 Town Watch
27:56 Chain Barding Armor
33:14 Imperial Age
32:07 Iron Casting
32:26 Bloodlines
35:09 Plate Barding Armor
35:40 Scale Mail Armor
36:41 Blast Furnace
36:55 Chain Mail Armor
36:35 Capped Ram
37:47 Gold Mining
37:57 Siege Ram
38:40 Elite Konnik
[CL] Guatona, Guatona qla fea
3:47 Loom
11:11 Feudal Age
15:07 Town Watch
19:27 Castle Age
17:40 Fishing Lines
18:01 Double-Bit Axe
18:54 Fletching
24:50 Horse Collar
25:21 Bow Saw
28:37 Wheelbarrow
28:32 Town Watch
28:53 Heavy Plow
31:06 Bodkin Arrow
35:45 Hand Cart
38:19 Imperial Age
36:10 Hand Cart
36:02 Scale Mail Armor
37:17 Gold Mining
37:18 Stone Mining
37:15 Pikeman
37:56 Squires
38:14 Chain Mail Armor
38:10 Forging
38:36 Gambesons
38:36 Arson
38:52 Capped Ram
40:19 Iron Casting
39:35 Town Watch
40:34 Plate Mail Armor
她要你就給她嘛
11:14 Feudal Age
17:02 Castle Age
14:51 Double-Bit Axe
16:10 Fishing Lines
17:56 Gillnets
20:49 Bow Saw
20:23 Horse Collar
21:39 Wheelbarrow
30:10 Hand Cart
29:57 Heavy Plow
29:52 Loom
30:22 Bloodlines
31:12 Scale Barding Armor
31:10 Husbandry
32:00 Town Watch
33:03 Chain Barding Armor
32:54 Forging
36:39 Imperial Age
35:39 Iron Casting
37:05 Coinage
39:01 Plate Barding Armor
37:48 Cavalier
39:37 Blast Furnace
40:04 Two-Man Saw
38:56 Stone Mining
38:57 Gold Mining
恆浪蕩
3:16 Loom
11:49 Feudal Age
13:34 Town Watch
13:42 Double-Bit Axe
16:06 Castle Age
16:04 Gold Mining
17:08 Stone Mining
19:52 Bow Saw
20:43 Wheelbarrow
20:30 Horse Collar
27:10 Imperial Age
24:33 Fishing Lines
26:16 Husbandry
27:49 Gold Shaft Mining
27:21 Heavy Plow
27:16 Elite Mameluke
29:13 Scale Barding Armor
29:58 Bloodlines
30:14 Forging
29:49 Treadmill Crane
30:53 Conscription
31:00 Chain Barding Armor
31:44 Iron Casting
32:27 Hand Cart
32:58 Plate Barding Armor
33:40 Chemistry
32:51 Gillnets
35:59 Light Cavalry
37:40 Blast Furnace
36:40 Hussar
38:18 Hoardings
38:39 Caravan
39:10 Coinage
默默默默默
8:48 Loom
11:17 Feudal Age
11:59 Town Watch
14:33 Double-Bit Axe
17:46 Castle Age
17:04 Gold Mining
18:48 Medium Warships
20:13 Clinker Construction
20:26 Bow Saw
21:22 Fishing Lines
25:27 Gillnets
26:51 Wheelbarrow
31:18 Horse Collar
33:37 Heavy Plow
36:57 Imperial Age
34:49 Scale Barding Armor
35:00 Forging
34:34 Treadmill Crane
35:17 Paiks
36:03 Chain Barding Armor
36:24 Gold Shaft Mining
36:08 Fortified Wall
36:56 Bloodlines
36:46 Husbandry
37:23 Iron Casting
37:25 Stone Mining
37:10 Elite Battle Elephant
38:39 Hand Cart
39:12 Conscription
40:06 Padded Archer Armor
40:44 Plate Barding Armor
41:25 Blast Furnace
老天鵝
7:25 Loom
11:37 Feudal Age
16:03 Castle Age
14:35 Double-Bit Axe
17:05 Medium Warships
27:10 Fishing Lines
28:15 Bow Saw
29:03 Gillnets
33:40 Imperial Age
35:31 Wheelbarrow
38:35 Caravan
39:56 Treadmill Crane
40:09 Fletching
41:26 Coinage
Connection lost

Rejoining the realm…

Still unreachable

The connection could not be restored.

Session expired

The server has moved on; the page needs a fresh start.